 Dungeon Crawl Stone Soup version 0.22.1-6-g1668fe2c40 (webtiles) character file.

675 Kohma the Poker (level 7, -12/54 HPs)
             Began as a Demonspawn Gladiator on Jan 20, 2019.
             Was an Initiate of Kikubaaqudgha.
             Killed by divine providence
             ... invoked by an orc priest
              (15 damage)
             ... on level 5 of the Dungeon.
             The game lasted 00:19:15 (5305 turns).

Kohma the Poker (Demonspawn Gladiator)              Turns: 5305, Time: 00:19:16

Health: -12/54     AC:  7    Str: 14    XL:     7   Next: 33%
Magic:  8/8        EV: 12    Int: 10    God:    Kikubaaqudgha [......]
Gold:   326        SH:  0    Dex: 16    Spells: 6/7 levels left

rFire    . . .     SeeInvis .   a - +0 trident
rCold    . . .     Gourm    .   (no shield)
rNeg     . . .     Faith    .   m - +0 ring mail
rPois    +         Spirit   .   (helmet restricted)
rElec    .         Reflect  .   y - +1 cloak {rPois}
rCorr    .         Harm     .   (no gloves)
MR       .....                  (no boots)
Stlth    +.........             (no amulet)
HPRegen  0.18/turn              (no ring)
MPRegen  0.11/turn              (no ring)

@: drained
A: antennae 1, spiny 1
a: Renounce Religion


You were on level 5 of the Dungeon.
You worshipped Kikubaaqudgha.
Kikubaaqudgha was noncommittal.
You were not hungry.

You visited 1 branch of the dungeon, and saw 5 of its levels.

You collected 326 gold pieces.

Inventory:

Hand Weapons
 a - a +0 trident (weapon)
 q - a +3 hunting sling of velocity
Missiles
 d - 3 throwing nets (quivered)
 i - 135 stones
 r - 17 sling bullets
 t - 6 javelins
 v - 20 poisoned needles
Armour
 c - a +0 helmet
 m - a +0 ring mail (worn)
 w - a +3 leather armour
 y - a +1 cloak of poison resistance (worn)
Jewellery
 k - a +3 ring of dexterity {unknown}
Wands
 z - a wand of flame (32)
Scrolls
 b - 7 scrolls of identify {unknown}
 e - a scroll of random uselessness {unknown}
 g - 6 scrolls of remove curse {unknown}
 j - 4 scrolls of teleportation {unknown}
 l - 2 scrolls of fog {unknown}
 o - a scroll of enchant weapon {unknown}
Potions
 h - 2 potions of curing {unknown}
 n - a potion of ambrosia {unknown}
 p - 2 potions of heal wounds {unknown}
 s - a potion of berserk rage {unknown}
 u - 2 potions of brilliance {unknown}
 x - a potion of magic {unknown}
Comestibles
 f - 6 rations


   Skills:
 - Level 4.0(3.9) Fighting
 * Level 5.7(5.6) Polearms
 - Level 2.0(1.9) Throwing
 + Level 2.3(2.2) Armour
 - Level 2.6 Dodging
 + Level 0.8(0.7) Spellcasting
 * Level 3.1 Necromancy


You had 6 spell levels left.
You knew the following spells:

 Your Spells              Type           Power        Failure   Level  Hunger
a - Animate Skeleton      Necr           N/A          21%         1    ##.....

Your spell library contained the following spells:

 Spells                   Type           Power        Failure   Level  Hunger
 Pain                     Necr           #...         21%         1    ##.....
 Sublimation of Blood     Necr           #.........   30%         2    ###....
 Vampiric Draining        Necr           #.........   52%         3    ####...
 Confusing Touch          Hex            #.....       56%         1    ##.....
 Regeneration             Chrm/Necr      #.........   75%         3    ####...
 Animate Dead             Necr           N/A          89%         4    #####..
 Confuse                  Hex            #.......     91%         3    ####...
 Gell's Gravitas          Tloc           #.........   91%         3    ####...
 Petrify                  Tmut/Erth      #.......     100%        4    #####..
 Metabolic Englaciation   Hex/Ice        #.........   100%        5    ######.
 Yara's Violent Unravell  Hex/Tmut       #.........   100%        5    ######.


Dungeon Overview and Level Annotations

Branches:
Dungeon (5/15)
 Temple: D:4-7

Altars:
Ashenzari
Fedhas
Kikubaaqudgha
Xom


Innate Abilities, Weirdness & Mutations

You have a pair of small antennae on your head.
You are partially covered in sharp spines.


Message History

The orc priest is struck by your spines.
The orc priest hits you but does no damage.
You hit the centaur.
The centaur is heavily wounded.
The centaur is struck by your spines. The centaur hits you.
* * * LOW HITPOINT WARNING * * *
The orc priest casts a cantrip, but nothing happens.
The orc priest hits you with an enchanted whip.
* * * LOW HITPOINT WARNING * * *
The centaur is struck by your spines.
The centaur hits you but does no damage.
The centaur wields a shortbow.
The centaur shoots an arrow.
The arrow barely misses you.
The orc priest calls down the wrath of Beogh upon you.
Beogh smites you!
* * * LOW HITPOINT WARNING * * *
The orc priest mumbles some strange prayers to Beogh against you.
Beogh smites you!
You die...
Kikubaaqudgha rasps: "You have failed me!
Welcome... death!"

#####'####............#
........##.............
........##............#
........##..o.........#
........##............#
...........#'#.c#######
######.....#.##o#
##...S#. #.## #....#.
#.@# #.##c#. #..#
#...... ##.. #..o...
..># #....... ....
#............#
#............#
#............#


You could see a centaur and 2 orc priests.

Vanquished Creatures
  2 ogres (D:4)
  Blork the orc (D:4)
  A howler monkey (D:5)
  A hound (D:4)
  Crazy Yiuf (D:4)
  An orc priest (D:4)
  A bullfrog skeleton (D:4)
  A centaur skeleton (D:4)
  Natasha (twice) (D:4)
  A worker ant (D:4)
  A howler monkey skeleton (D:5)
  6 adders
  2 oozes (D:1)
  3 worms (D:2)
  2 dart slugs
  3 leopard geckos
  6 orcs
  3 giant cockroaches
  10 goblins
  10 hobgoblins
  A jackal (D:2)
  5 quokkas
  2 ball pythons
  5 bats
  3 frilled lizards
  11 kobolds
  A quokka zombie (D:3)
  18 rats
104 creatures vanquished.

Vanquished Creatures (collateral kills)
  A worker ant (D:4)
1 creature vanquished.

Grand Total: 105 creatures vanquished

Notes
Turn   | Place    | Note
-------+----------+-------------------------------------------
     0 | D:1      | Kohma the Demonspawn Gladiator began the quest for the Orb.
     0 | D:1      | Reached XP level 1. HP: 16/16 MP: 1/1
    98 | D:1      | Reached skill level 3 in Polearms
   100 | D:1      | Gained mutation: You are partially covered in sharp spines.
                  | [demonic ancestry]
   100 | D:1      | Reached XP level 2. HP: 11/22 MP: 2/2
   663 | D:1      | Reached XP level 3. HP: 26/28 MP: 3/3
  1689 | D:2      | Reached XP level 4. HP: 3/34 MP: 4/4
  2029 | D:2      | Reached skill level 4 in Polearms
  2996 | D:3      | Found an ancient bone altar of Kikubaaqudgha.
  2999 | D:3      | Found a blossoming altar of Fedhas.
  3013 | D:3      | Became a worshipper of Kikubaaqudgha
  3069 | D:3      | Found a shattered altar of Ashenzari.
  3122 | D:3      | Reached XP level 5. HP: 39/41 MP: 5/5
  3428 | D:4      | Reached skill level 1 in Armour
  3428 | D:4      | Reached skill level 1 in Necromancy
  3638 | D:4      | Noticed an ogre
  3647 | D:4      | Killed an ogre
  3647 | D:4      | Reached skill level 5 in Polearms
  3647 | D:4      | Reached XP level 6. HP: 18/48 MP: 6/6
  3858 | D:4      | Noticed Natasha
  3880 | D:4      | Killed Natasha
  4231 | D:4      | Noticed Natasha
  4247 | D:4      | Killed Natasha
  4456 | D:4      | Reached * piety under Kikubaaqudgha
  4456 | D:4      | Identified Kikubaaqudgha's Guide on Evil (Kikubaaqudgha
                  | gifted it to you on level 4 of the Dungeon)
  4456 | D:4      | Received a gift from Kikubaaqudgha
  4463 | D:4      | Learned a level 1 spell: Animate Skeleton
  4761 | D:4      | Gained mutation: You have a pair of small antennae on your
                  | head. [demonic ancestry]
  4761 | D:4      | Reached XP level 7. HP: 48/54 MP: 7/7
  4807 | D:4      | Noticed Blork the orc
  4817 | D:4      | Killed Blork the orc
  4828 | D:4      | Found a runed door.
  4832 | D:4      | Noticed Crazy Yiuf
  4846 | D:4      | Killed Crazy Yiuf
  5155 | D:5      | Entered Level 5 of the Dungeon
  5239 | D:5      | Found a shimmering altar of Xom.
  5305 | D:5      | Killed from afar by an orc priest

Skill      XL: |  1  2  3  4  5  6  7 |
---------------+----------------------+-----
Polearms       | 3 4 5 |  5.7
Throwing       | 2 |  2.0
Fighting       | 3 4 |  4.0
Armour         | 1 2 |  2.3
Necromancy     | 1 2 3 |  3.1
Dodging        | |  2.6
Spellcasting   | |  0.8

Action                   |  1- 3 |  4- 6 |  7- 9 || total
-------------------------+-------+-------+-------++-------
Melee: Trident           |   118 |   150 |    30 ||   298
 Cast: Animate Skeleton  |       |     1 |     1 ||     2
  Eat: Ration            |     1 |     1 |       ||     2
       Chunk             |       |     6 |     1 ||     7
Armor: Leather armour    |    22 |       |       ||    22
       Ring mail         |     3 |    31 |     5 ||    39
Dodge: Dodged            |    62 |    94 |    10 ||   166
